[Event "EYCC Open-U18 2019"]
[Site "Bratislava"]
[Date "2019.08.08"]
[Round "7.11"]
[White "Zeman, Matyas"]
[Black "Petriashvili, Nikoloz"]
[Result "1/2-1/2"]
[ECO "B58"]
[WhiteElo "2275"]
[BlackElo "2451"]
[Annotator "ChessBase"]
[PlyCount "155"]
[EventDate "2019.08.02"]
[EventType "swiss"]
[EventCountry "SVK"]
[SourceTitle "playchess.com"]
[Source "ChessBase"]
[SourceQuality "1"]
[TimeControl "40/5400+30:1800+30"]

1. e4 c5 2. Nf3 Nc6 3. d4 cxd4 4. Nxd4 Nf6 5. Nc3 d6 6. Be2 g6 7. O-O Bg7 8. Nb3 O-O 9. Bg5 a6 10. f4 b5 11. Bf3 Bb7 12. Nd5 Nxd5 13. exd5 Na5 14. c3 Nc4 15. Qe2 Qb6+ 16. Qf2 Qxf2+ 17. Rxf2 f6 18. Bh4 Bh6 19. Bg3 g5 20. fxg5 Bxg5 21. Re2 Rf7 22. a4 Nb6 23. axb5 axb5 24. Rxa8+ Bxa8 25. Nd4 Bxd5 26. Bxd5 Nxd5 27. Nxb5 f5 28. c4 Ne3 29. b3 Rf8 30. h4 Bh6 31. Bf2 f4 32. Bxe3 fxe3 33. Nd4 Rf4 34. Nf3 Rf5 35. Ra2 Rc5 36. Kf1 Rc7 37. Ke2 Bg7 38. Ra8+ Kf7 39. Rb8 Bh6 40. Ng5+ Bxg5 41. hxg5 Rc5 42. Kxe3 Rxg5 43. Kf3 Rf5+ 44. Ke3 Rg5 45. Kf3 Ra5 46. g4 Ra1 47. Rb5 Rb1 48. Kf4 Kf6 49. Rf5+ Ke6 50. Rb5 h6 51. Ke4 Kd7 52. Rb7+ Ke6 53. Rb5 Re1+ 54. Kf4 Kf6 55. Rf5+ Kg6 56. Rd5 Rb1 57. c5 e5+ 58. Ke4 Re1+ 59. Kf3 dxc5 60. Rxc5 Kg5 61. Rc4 Rf1+ 62. Ke4 Kxg4 63. Kxe5+ Kg5 64. Rc2 h5 65. Rg2+ Kh4 66. Kd5 Kh3 67. Rg8 Rf4 68. Kc5 Rg4 69. Rh8 h4 70. b4 Kg2 71. b5 h3 72. b6 Rg7 73. Kc6 h2 74. Rxh2+ Kxh2 75. b7 Rg8 76. Kc7 Kg3 77. b8=Q Rxb8 78. Kxb8 1/2-1/2

[Event "EYCC Open-U18 2019"]
[Site "Bratislava"]
[Date "2019.08.08"]
[Round "7.12"]
[White "Maksimovic, Bojan"]
[Black "Anghelus, Alin-Gabriel"]
[Result "1-0"]
[ECO "B34"]
[WhiteElo "2326"]
[BlackElo "2107"]
[Annotator "NA"]
[PlyCount "73"]
[EventDate "2019.08.02"]
[EventType "swiss"]
[EventCountry "SVK"]
[SourceTitle "playchess.com"]
[Source "ChessBase"]
[SourceQuality "1"]
[TimeControl "40/5400+30:1800+30"]

1. e4 c5 2. Nf3 Nc6 3. d4 cxd4 4. Nxd4 g6 5. Nc3 Bg7 6. Be3 Nf6 7. Nxc6 bxc6 8. e5 Ng8 9. f4 Nh6 10. Qd2 Nf5 11. Bf2 d5 12. g4 Nh6 13. h3 Qa5 14. Ne4 Qxd2+ 15. Nxd2 f6 16. exf6 exf6 17. O-O-O O-O 18. Nb3 Nf7 19. c4 Bh6 20. cxd5 Bxf4+ 21. Kb1 f5 22. g5 cxd5 23. Bg2 Bxg5 24. Bxd5 Rb8 25. Bxa7 Rb5 26. Rhe1 Bf6 27. Bc5 Rd8 28. a4 Rb8 29. Be7 Bxe7 30. Rxe7 Rxd5 31. Re8+ Kg7 32. Rxd5 Rxb3 33. Rxc8 f4 34. a5 f3 35. Ka2 f2 36. Rc1 Re3 37. Rf1 1-0

[Event "EYCC Open-U18 2019"]
[Site "Bratislava"]
[Date "2019.08.08"]
[Round "7.13"]
[White "Chatzieleftheriou, Andreas"]
[Black "Van Foreest, Lucas"]
[Result "1-0"]
[ECO "B51"]
[WhiteElo "2208"]
[BlackElo "2521"]
[Annotator "ChessBase"]
[PlyCount "121"]
[EventDate "2019.08.02"]
[EventType "swiss"]
[EventCountry "SVK"]
[SourceTitle "playchess.com"]
[Source "ChessBase"]
[SourceQuality "1"]
[TimeControl "40/5400+30:1800+30"]

1. e4 c5 2. Nf3 d6 3. Bb5+ Nd7 4. a4 Ngf6 5. Nc3 g6 6. a5 Bg7 7. a6 O-O 8. O-O Qc7 9. Re1 bxa6 10. Bxa6 Bxa6 11. Rxa6 Nb8 12. Ra4 Nc6 13. b3 Qb7 14. Bb2 Nd7 15. d3 f5 16. Qe2 Nde5 17. Nxe5 Bxe5 18. Nd1 f4 19. f3 Nd4 20. Bxd4 Bxd4+ 21. Kh1 Rfc8 22. Qd2 g5 23. Nc3 Rc6 24. Ne2 Bf6 25. g3 fxg3 26. hxg3 Rf8 27. Kg2 Ra6 28. Rxa6 Qxa6 29. e5 Bxe5 30. Qxg5+ Kh8 31. Qxe7 Qc8 32. Rh1 Qf5 33. f4 Bg7 34. Qe4 d5 35. Qxf5 Rxf5 36. g4 Rf8 37. Rh5 Rd8 38. Kf3 Kg8 39. Rf5 c4 40. d4 cxb3 41. cxb3 Bf8 42. Ke3 a5 43. Kd3 Rb8 44. Kc2 Rc8+ 45. Kb2 Bb4 46. Rxd5 Rc6 47. g5 h6 48. gxh6 Rxh6 49. Kc2 Rh3 50. Rg5+ Kf7 51. Rg3 Rh2 52. Re3 Kf6 53. Kd3 Kf5 54. d5 Rh8 55. Re5+ Kg4 56. Ke4 Kh4 57. Nd4 Kg3 58. Nf5+ Kf2 59. d6 Rd8 60. Rd5 Re8+ 61. Kd3 1-0

[Event "EYCC Open-U18 2019"]
[Site "Bratislava"]
[Date "2019.08.08"]
[Round "7.14"]
[White "Martinez Fernandez, Adrian"]
[Black "Gaifullin, Artur"]
[Result "0-1"]
[ECO "B06"]
[WhiteElo "2311"]
[BlackElo "2453"]
[Annotator "ChessBase"]
[PlyCount "144"]
[EventDate "2019.08.02"]
[EventType "swiss"]
[EventCountry "SVK"]
[SourceTitle "playchess.com"]
[Source "ChessBase"]
[SourceQuality "1"]
[TimeControl "40/5400+30:1800+30"]

1. e4 g6 2. d4 Bg7 3. Nc3 d6 4. Be3 a6 5. Qd2 b5 6. h4 h6 7. O-O-O Bb7 8. f3 Nd7 9. d5 Ngf6 10. Nce2 Ne5 11. Ng3 h5 12. Nh3 Rc8 13. Ng5 c6 14. dxc6 Nxc6 15. Ne2 Qc7 16. Kb1 Nd7 17. Nf4 Qa5 18. Qxa5 Nxa5 19. Nd5 Nc4 20. Bd4 Bxd4 21. Rxd4 Nde5 22. Bxc4 Nxc4 23. Re1 Rc5 24. Ne3 Ne5 25. f4 Ng4 26. Nf1 O-O 27. Nd2 Rfc8 28. c3 R5c7 29. Ndf3 Rc4 30. Nd2 R4c5 31. g3 Ba8 32. Nf1 Rc4 33. Nd2 R4c5 34. Nf1 f6 35. Ne6 Rc4 36. Rxc4 Rxc4 37. Nd2 Rc8 38. Re2 Kf7 39. Nd4 e5 40. N4f3 Re8 41. fxe5 dxe5 42. Kc2 Rd8 43. Nb3 Rc8 44. a3 f5 45. Ng5+ Kf6 46. Nh7+ Kg7 47. Ng5 Kf6 48. Nh7+ Ke7 49. Ng5 Rf8 50. exf5 gxf5 51. Nc5 a5 52. Nce6 Rb8 53. Nd4 Kf6 54. Nb3 a4 55. Nc5 Rd8 56. b3 axb3+ 57. Nxb3 Bd5 58. Nc5 Bc4 59. Re1 Rd5 60. Nce6 Nf2 61. Nc7 Rd8 62. Nh7+ Kg6 63. Ng5 Nd3 64. Re3 e4 65. Nce6 Ra8 66. Nf4+ Nxf4 67. gxf4 Rxa3 68. Rg3 Kh6 69. Kd2 b4 70. Nh3 b3 71. Rg1 Ra2+ 72. Kc1 Bd3 0-1

[Event "EYCC Open-U18 2019"]
[Site "Bratislava"]
[Date "2019.08.08"]
[Round "7.15"]
[White "Heimisson, Hilmir Freyr"]
[Black "Miesbauer, Jan"]
[Result "0-1"]
[ECO "A37"]
[WhiteElo "2279"]
[BlackElo "2409"]
[Annotator "NA"]
[PlyCount "114"]
[EventDate "2019.08.02"]
[EventType "swiss"]
[EventCountry "SVK"]
[SourceTitle "playchess.com"]
[Source "ChessBase"]
[SourceQuality "1"]
[TimeControl "40/5400+30:1800+30"]

1. c4 c5 2. g3 Nc6 3. Bg2 g6 4. Nc3 Bg7 5. Nf3 e5 6. O-O d6 7. Ne1 Be6 8. Nd5 Nge7 9. Nc2 O-O 10. a3 a5 11. Rb1 Rb8 12. b4 b5 13. bxc5 bxc4 14. Rxb8 Qxb8 15. Nce3 Nxd5 16. Nxd5 Qb5 17. d3 cxd3 18. Qxd3 Qxd3 19. exd3 dxc5 20. Be3 Nd4 21. Bxd4 cxd4 22. Ne7+ Kh8 23. Rb1 Re8 24. Bd5 Bxd5 25. Nxd5 Bf8 26. Rb5 a4 27. Ra5 Rd8 28. Nb6 e4 29. Kf1 exd3 30. Rxa4 Rb8 31. Nc4 Rb1+ 32. Kg2 Bc5 33. Kf3 Rc1 34. Nd2 Rc2 35. Nb3 d2 36. Ke2 d3+ 37. Kd1 Bxf2 38. Ra8+ Kg7 39. Rd8 Be3 40. Rxd3 Rc1+ 41. Ke2 Re1+ 42. Kf3 d1=Q+ 43. Rxd1 Rxd1 44. Kxe3 Rb1 45. Nc5 Ra1 46. a4 f5 47. Kd4 Kf6 48. Kc4 g5 49. Kb5 f4 50. gxf4 gxf4 51. a5 f3 52. a6 Ke5 53. Nd3+ Kd4 54. Nf2 Ra2 55. Ng4 f2 56. Nxf2 Rxf2 57. a7 Ra2 0-1

[Event "EYCC Open-U18 2019"]
[Site "Bratislava"]
[Date "2019.08.08"]
[Round "7.16"]
[White "Travadon, Loic"]
[Black "Stevanic, David"]
[Result "1-0"]
[ECO "A05"]
[WhiteElo "2403"]
[BlackElo "2306"]
[Annotator "NA"]
[PlyCount "138"]
[EventDate "2019.08.02"]
[EventType "swiss"]
[EventCountry "SVK"]
[SourceTitle "playchess.com"]
[Source "ChessBase"]
[SourceQuality "1"]
[TimeControl "40/5400+30:1800+30"]

1. Nf3 Nf6 2. c4 g6 3. Nc3 d6 4. d4 Bg7 5. e4 O-O 6. h3 e5 7. d5 a5 8. g4 Na6 9. Be3 Kh8 10. Nd2 Ng8 11. h4 f5 12. exf5 gxf5 13. gxf5 Bxf5 14. Nde4 Nc5 15. Nxc5 dxc5 16. Qd2 Nf6 17. O-O-O Ne4 18. Nxe4 Bxe4 19. Rh3 Bf3 20. Be2 e4 21. Bxc5 Qf6 22. Bxf3 exf3 23. Bd4 Qxd4 24. Qxd4 Bxd4 25. Rxd4 Rae8 26. Kc2 a4 27. Rd2 Rf4 28. b3 a3 29. Rg3 b5 30. cxb5 Rb8 31. d6 cxd6 32. Rxd6 Rxh4 33. Rxf3 Rh1 34. b4 Rxb5 35. Rxa3 Rb7 36. Rg3 Rb8 37. a3 Rf1 38. Rf3 Rc8+ 39. Kb3 Ra8 40. Rd7 Rb1+ 41. Ka2 Rxb4 42. Rh3 Kg8 43. Rdxh7 Ra5 44. R7h5 Rxh5 45. Rg3+ Rg4 46. Rxg4+ Kf7 47. Rf4+ Ke6 48. a4 Kd6 49. Kb3 Kc5 50. Rc4+ Kb6 51. f4 Rh1 52. Kc3 Rd1 53. Kc2 Rd5 54. Kc3 Rd1 55. Rd4 Rf1 56. Rb4+ Ka5 57. Re4 Rd1 58. f5 Rf1 59. Re5+ Kxa4 60. Kc4 Rf2 61. Kc5 Ka5 62. Kd6+ Kb6 63. Ke7 Ra2 64. f6 Ra7+ 65. Ke6 Kc6 66. f7 Ra8 67. Ke7 Ra7+ 68. Kf6 Ra8 69. Re8 Kd5 1-0

[Event "EYCC Open-U18 2019"]
[Site "Bratislava"]
[Date "2019.08.08"]
[Round "7.17"]
[White "Mitsis, Georgios"]
[Black "Hurdzan, Tomas"]
[Result "1/2-1/2"]
[ECO "D25"]
[WhiteElo "2399"]
[BlackElo "2231"]
[Annotator "NA"]
[PlyCount "83"]
[EventDate "2019.08.02"]
[EventType "swiss"]
[EventCountry "SVK"]
[SourceTitle "playchess.com"]
[Source "ChessBase"]
[SourceQuality "1"]
[TimeControl "40/5400+30:1800+30"]

1. d4 d5 2. Nf3 Nf6 3. c4 dxc4 4. e3 Bg4 5. Bxc4 e6 6. Nc3 Nbd7 7. O-O Bb4 8. Qb3 c5 9. dxc5 Bxc5 10. Be2 Qb6 11. Qxb6 Bxb6 12. b3 O-O 13. Bb2 Nc5 14. Ne5 Bxe2 15. Nxe2 Rfd8 16. Nc4 Bc7 17. Bd4 Ncd7 18. Rac1 a6 19. f3 b5 20. Nb2 Rac8 21. Nd3 Bd6 22. Rxc8 Rxc8 23. Rc1 Rxc1+ 24. Nexc1 Nd5 25. e4 Nb4 26. Nxb4 Bxb4 27. Nd3 Be7 28. Kf2 f6 29. Ke2 Kf7 30. Kd2 Nb8 31. Kc3 Nc6 32. Bc5 Bd8 33. Kd2 Bc7 34. g3 g5 35. Ke3 Kg6 36. Nc1 Kf7 37. Ne2 Ke8 38. Nc1 Kf7 39. Nd3 Ke8 40. Ke2 Kf7 41. Ke3 Ke8 42. Ke2 1/2-1/2

[Event "EYCC Open-U18 2019"]
[Site "Bratislava"]
[Date "2019.08.08"]
[Round "7.18"]
[White "Zabolotnov, Evgeny"]
[Black "Baenziger, Fabian"]
[Result "0-1"]
[ECO "E91"]
[WhiteElo "2284"]
[BlackElo "2352"]
[Annotator "NA"]
[PlyCount "70"]
[EventDate "2019.08.02"]
[EventType "swiss"]
[EventCountry "SVK"]
[SourceTitle "playchess.com"]
[Source "ChessBase"]
[SourceQuality "1"]
[TimeControl "40/5400+30:1800+30"]

1. d4 Nf6 2. c4 g6 3. Nc3 Bg7 4. e4 d6 5. Nf3 O-O 6. Be2 Na6 7. O-O e5 8. Be3 Ng4 9. Bg5 Qe8 10. d5 h6 11. Bh4 Nf6 12. Nd2 Nh7 13. a3 h5 14. f3 Bh6 15. b4 f5 16. c5 Be3+ 17. Bf2 Bxf2+ 18. Rxf2 f4 19. Rc1 g5 20. cxd6 cxd6 21. Nb5 Rf6 22. Nc7 Nxc7 23. Rxc7 Rg6 24. Qc2 g4 25. Rf1 Kh8 26. Rc1 Rg8 27. Qc3 Qd8 28. Bf1 Ng5 29. Kh1 Qf6 30. Qd3 g3 31. h3 Nxh3 32. gxh3 Bxh3 33. Kg1 g2 34. Be2 Qh4 35. Rf7 Be6 0-1

[Event "EYCC Open-U18 2019"]
[Site "Bratislava"]
[Date "2019.08.08"]
[Round "7.19"]
[White "Brinovec, David"]
[Black "Fus, Jakub"]
[Result "1/2-1/2"]
[ECO "B14"]
[WhiteElo "2205"]
[BlackElo "2341"]
[Annotator "NA"]
[PlyCount "92"]
[EventDate "2019.08.02"]
[EventType "swiss"]
[EventCountry "SVK"]
[SourceTitle "playchess.com"]
[Source "ChessBase"]
[SourceQuality "1"]
[TimeControl "40/5400+30:1800+30"]

1. e4 c6 2. d4 d5 3. exd5 cxd5 4. c4 Nf6 5. Nc3 e6 6. Nf3 Bb4 7. Bd3 dxc4 8. Bxc4 O-O 9. O-O b6 10. Qe2 Bb7 11. Bg5 Bxc3 12. bxc3 Nbd7 13. Rac1 Qc7 14. Bd3 Rac8 15. c4 Rfe8 16. Ne5 Nxe5 17. dxe5 Qc6 18. f3 Nd7 19. c5 bxc5 20. Rfd1 Qc7 21. f4 Bd5 22. Bxh7+ Kxh7 23. Qh5+ Kg8 24. Rc3 f6 25. exf6 Nxf6 26. Bxf6 Qf7 27. Qxf7+ Kxf7 28. Be5 Re7 29. Rg3 Rg8 30. Bd6 Rb7 31. Bxc5 Bxa2 32. Ra1 Bd5 33. Rxa7 Rxa7 34. Bxa7 Rc8 35. h4 g6 36. Bd4 Rc2 37. Kh2 Be4 38. Be5 Ra2 39. Rg5 Rc2 40. Kh3 Rc1 41. g4 Rg1 42. h5 gxh5 43. gxh5 Rxg5 44. fxg5 Bf5+ 45. Kh4 Bb1 46. g6+ Bxg6 1/2-1/2

[Event "EYCC Open-U18 2019"]
[Site "Bratislava"]
[Date "2019.08.08"]
[Round "7.20"]
[White "Parkhov, Yair"]
[Black "Santryan, Davit"]
[Result "1-0"]
[ECO "B06"]
[WhiteElo "2354"]
[BlackElo "2167"]
[Annotator "NA"]
[PlyCount "71"]
[EventDate "2019.08.02"]
[EventType "swiss"]
[EventCountry "SVK"]
[SourceTitle "playchess.com"]
[Source "ChessBase"]
[SourceQuality "1"]
[TimeControl "40/5400+30:1800+30"]

1. d4 g6 2. e4 Bg7 3. Nc3 d6 4. g3 e5 5. Be3 Nc6 6. dxe5 dxe5 7. Qxd8+ Nxd8 8. Nb5 Ne6 9. Nxa7 Bd7 10. Nb5 f5 11. Nf3 h6 12. Nh4 Ne7 13. Nxg6 Nxg6 14. exf5 Ra5 15. a4 Bc6 16. Rg1 Ng5 17. Bxg5 hxg5 18. fxg6 e4 19. c3 Bxb5 20. Bxb5+ c6 21. Bc4 Rxh2 22. Ke2 e3 23. Bf7+ Kf8 24. Kxe3 Re5+ 25. Kf3 Rf5+ 26. Kg4 Rhxf2 27. Rge1 Re5 28. Rxe5 Bxe5 29. Re1 Bf6 30. b3 Rd2 31. Re8+ Kg7 32. Rb8 Rd7 33. Kf5 Bxc3 34. Kxg5 Bf6+ 35. Kf5 Bd4 36. g4 1-0

[Event "EYCC Open-U18 2019"]
[Site "Bratislava"]
[Date "2019.08.08"]
[Round "7.21"]
[White "Garayev, Kanan"]
[Black "Mirri, Pietro"]
[Result "1-0"]
[ECO "D02"]
[WhiteElo "2351"]
[BlackElo "2194"]
[Annotator "NA"]
[PlyCount "63"]
[EventDate "2019.08.02"]
[EventType "swiss"]
[EventCountry "SVK"]
[SourceTitle "playchess.com"]
[Source "ChessBase"]
[SourceQuality "1"]
[TimeControl "40/5400+30:1800+30"]

1. d4 d5 2. Nf3 Nf6 3. Bf4 e6 4. e3 c5 5. c3 Nc6 6. Nbd2 Bd6 7. Bg3 O-O 8. Bb5 a6 9. Bxc6 bxc6 10. Qa4 Bxg3 11. hxg3 Qb6 12. Qa3 Rb8 13. Rb1 Nd7 14. O-O Re8 15. Nb3 c4 16. Nbd2 Qc7 17. b3 cxb3 18. Nxb3 f6 19. Rfc1 Nb6 20. Nfd2 e5 21. Nc5 Qa7 22. Qa5 Bf5 23. Rb4 Nd7 24. Nxd7 Qxd7 25. Nb3 Be4 26. Qxa6 Ra8 27. Qe2 exd4 28. cxd4 Ra3 29. Nc5 Qa7 30. Rb7 Qa8 31. Qg4 Bg6 32. Qd7 1-0

[Event "EYCC Open-U18 2019"]
[Site "Bratislava"]
[Date "2019.08.08"]
[Round "7.22"]
[White "Bekasovs, Rihards"]
[Black "Tisaj, Domen"]
[Result "0-1"]
[ECO "A81"]
[WhiteElo "2144"]
[BlackElo "2232"]
[Annotator "NA"]
[PlyCount "100"]
[EventDate "2019.08.02"]
[EventType "swiss"]
[EventCountry "SVK"]
[SourceTitle "playchess.com"]
[Source "ChessBase"]
[SourceQuality "1"]
[TimeControl "40/5400+30:1800+30"]

1. d4 f5 2. g3 Nf6 3. Bg2 e6 4. Nf3 d5 5. c4 c6 6. Qc2 Bd6 7. Bf4 O-O 8. Nbd2 Bxf4 9. gxf4 Nbd7 10. e3 h6 11. O-O-O Qe7 12. h4 b6 13. Ne5 Nxe5 14. dxe5 Ng4 15. cxd5 cxd5 16. Nb3 Bd7 17. Qd2 Ba4 18. f3 Bxb3 19. axb3 Qc5+ 20. Kb1 Qxe3 21. fxg4 Qxd2 22. Rxd2 fxg4 23. Rf1 Rae8 24. f5 Rxf5 25. Rxf5 exf5 26. Bxd5+ Kf8 27. Re2 Ke7 28. Rc2 f4 29. h5 f3 30. Rc7+ Kd8 31. Rxg7 Rxe5 32. Bc4 Re1+ 33. Kc2 Rg1 34. Rf7 Rg2+ 35. Kd3 f2 36. Bd5 Rh2 37. Ke2 Rxh5 38. Bg2 g3 39. Kf3 Rg5 40. Rf6 h5 41. Rf4 Rg7 42. Rf5 h4 43. Rf4 Rd7 44. Kg4 Rd2 45. Kh3 Rxb2 46. Rxh4 Rxb3 47. Rg4 a5 48. Rxg3 a4 49. Kg4 b5 50. Kf4 Rxg3 0-1

[Event "EYCC Open-U18 2019"]
[Site "Bratislava"]
[Date "2019.08.08"]
[Round "7.23"]
[White "Iliaguev, Nisim"]
[Black "Triantos, Konstantinos"]
[Result "1-0"]
[ECO "E10"]
[WhiteElo "2357"]
[BlackElo "2129"]
[Annotator "NA"]
[PlyCount "89"]
[EventDate "2019.08.02"]
[EventType "swiss"]
[EventCountry "SVK"]
[SourceTitle "playchess.com"]
[Source "ChessBase"]
[SourceQuality "1"]
[TimeControl "40/5400+30:1800+30"]

1. d4 Nf6 2. c4 e6 3. Nf3 c5 4. g3 cxd4 5. Nxd4 d5 6. Bg2 e5 7. Nf3 d4 8. O-O Nc6 9. e3 Be7 10. exd4 exd4 11. Bf4 O-O 12. Ne5 Qb6 13. Nxc6 bxc6 14. Qb3 Qa6 15. Nd2 Be6 16. Be5 Rfd8 17. Bxf6 Bxf6 18. Qd3 Rac8 19. f4 g6 20. b3 Qa5 21. Be4 Bg4 22. a3 Be2 23. Qxe2 d3 24. Qg2 Bd4+ 25. Kh1 Bxa1 26. Rxa1 Qc3 27. Re1 Re8 28. Qf2 Re7 29. g4 Rce8 30. f5 Qf6 31. Qe3 Qh4 32. Qg3 Qg5 33. Re3 Qf6 34. Kg2 gxf5 35. gxf5+ Kh8 36. Qf2 h6 37. Qf4 Rg8+ 38. Rg3 Rxg3+ 39. hxg3 Rd7 40. Qh4 Qg7 41. f6 Qf8 42. Bxc6 Rd6 43. Be4 Re6 44. c5 Kg8 45. c6 1-0

[Event "EYCC Open-U18 2019"]
[Site "Bratislava"]
[Date "2019.08.08"]
[Round "7.24"]
[White "Papp, Levente"]
[Black "Nordquelle, Daniel"]
[Result "1/2-1/2"]
[ECO "D00"]
[WhiteElo "2362"]
[BlackElo "2181"]
[Annotator "NA"]
[PlyCount "152"]
[EventDate "2019.08.02"]
[EventType "swiss"]
[EventCountry "SVK"]
[SourceTitle "playchess.com"]
[Source "ChessBase"]
[SourceQuality "1"]
[TimeControl "40/5400+30:1800+30"]

1. d4 d5 2. Bf4 Nf6 3. e3 c5 4. c3 Nc6 5. Nd2 Qb6 6. Qc2 Bg4 7. Ngf3 e6 8. dxc5 Bxc5 9. Bd3 O-O 10. Bg5 Bxf3 11. gxf3 Ne5 12. Bxf6 Nxd3+ 13. Qxd3 gxf6 14. O-O-O Kh8 15. Rhg1 Rg8 16. Rg3 Be7 17. f4 f5 18. f3 Bh4 19. Rxg8+ Rxg8 20. e4 dxe4 21. fxe4 fxe4 22. Qxe4 Bf6 23. Nc4 Qf2 24. Rd2 Qf1+ 25. Kc2 Rg1 26. Kb3 Rg4 27. Qxb7 Qxf4 28. Qc6 Qb8+ 29. Kc2 Qf4 30. Kb3 Qb8+ 31. Ka3 Be7+ 32. b4 a5 33. Rd7 Bxb4+ 34. Kb3 a4+ 35. Kc2 Bf8 36. Rxf7 Qxh2+ 37. Nd2 Bh6 38. Rd7 Bxd2 39. Rxd2 Qe5 40. Rd8+ Kg7 41. Qb7+ Kh6 42. Qh1+ Qh5 43. Qxh5+ Kxh5 44. Rd6 Rg2+ 45. Kd3 Rxa2 46. Rxe6 Kg5 47. Re5+ Kg4 48. Re4+ Kf5 49. Rh4 Kg6 50. Rg4+ Kh5 51. Rg1 a3 52. Rh1+ Kg6 53. Rg1+ Kf6 54. Rh1 Kg7 55. Rg1+ Kh8 56. c4 Rb2 57. Kc3 Rb8 58. c5 a2 59. Ra1 Ra8 60. Kd4 h5 61. c6 Kg7 62. Kd5 h4 63. c7 Kf6 64. Rxa2 Rc8 65. Kc6 Kg5 66. Kd7 Rh8 67. c8=Q Rxc8 68. Kxc8 h3 69. Kd7 Kg4 70. Ke6 Kg3 71. Ra3+ Kg2 72. Kf5 h2 73. Ra2+ Kg1 74. Kg4 h1=Q 75. Ra1+ Kg2 76. Rxh1 Kxh1 1/2-1/2

[Event "EYCC Open-U18 2019"]
[Site "Bratislava"]
[Date "2019.08.08"]
[Round "7.25"]
[White "Mladek, Richard"]
[Black "Schoppen, Casper"]
[Result "0-1"]
[ECO "C92"]
[WhiteElo "2253"]
[BlackElo "2493"]
[Annotator "ChessBase"]
[PlyCount "110"]
[EventDate "2019.08.02"]
[EventType "swiss"]
[EventCountry "SVK"]
[SourceTitle "playchess.com"]
[Source "ChessBase"]
[SourceQuality "1"]
[TimeControl "40/5400+30:1800+30"]

1. e4 e5 2. Nf3 Nc6 3. Bb5 a6 4. Ba4 Nf6 5. O-O Be7 6. Re1 b5 7. Bb3 d6 8. c3 O-O 9. h3 Bb7 10. d4 Re8 11. Ng5 Rf8 12. Nf3 h6 13. Nbd2 Re8 14. Nf1 Bf8 15. Ng3 Na5 16. Bc2 Nc4 17. b3 Nb6 18. a4 bxa4 19. bxa4 a5 20. Bd3 Qd7 21. Rb1 Bc6 22. Bb5 Rab8 23. d5 Bxb5 24. axb5 a4 25. Rb4 Ra8 26. Ba3 g6 27. Ne2 Ra5 28. Qd3 Nbxd5 29. Rbb1 Nb6 30. c4 Qe6 31. Nd2 Nh5 32. Nc3 Nf4 33. Qf1 Qd7 34. Nd5 Nbxd5 35. exd5 Raa8 36. Re3 f5 37. g3 Nh5 38. Bb2 Bg7 39. Ra3 e4 40. Qc1 f4 41. g4 e3 42. Nf3 exf2+ 43. Kxf2 Ng3 44. Bxg7 Re2+ 45. Kg1 Re4 46. Qb2 Qxg7 47. Qxg7+ Kxg7 48. Rb4 Re3 49. Raxa4 Rxa4 50. Rxa4 Rxf3 51. Ra7 Rb3 52. Rxc7+ Kf6 53. h4 Rb2 54. b6 f3 55. b7 Rg2# 0-1

[Event "EYCC Open-U18 2019"]
[Site "Bratislava"]
[Date "2019.08.08"]
[Round "7.26"]
[White "Chylewski, Patryk"]
[Black "Golikov, Daniil"]
[Result "0-1"]
[ECO "A62"]
[WhiteElo "2376"]
[BlackElo "2257"]
[Annotator "NA"]
[PlyCount "100"]
[EventDate "2019.08.02"]
[EventType "swiss"]
[EventCountry "SVK"]
[SourceTitle "playchess.com"]
[Source "ChessBase"]
[SourceQuality "1"]
[TimeControl "40/5400+30:1800+30"]

1. d4 Nf6 2. c4 e6 3. g3 c5 4. d5 exd5 5. cxd5 d6 6. Nc3 g6 7. Nf3 Bg7 8. Bg2 O-O 9. O-O a6 10. a4 Re8 11. Re1 Ne4 12. Nxe4 Rxe4 13. Qc2 Re8 14. e4 Nd7 15. Nd2 f5 16. Nc4 Ne5 17. Nxe5 Bxe5 18. Bd2 Bd7 19. Bc3 Bxc3 20. Qxc3 fxe4 21. Bxe4 b5 22. h4 b4 23. Qc2 Qf6 24. Re3 Bf5 25. Rae1 Bxe4 26. Rxe4 Rxe4 27. Rxe4 Qf5 28. Qc4 Rf8 29. Re2 a5 30. b3 Qf3 31. Kh2 Rf5 32. Qa6 Qxd5 33. Qxa5 Qd3 34. Qd8+ Kg7 35. Qe7+ Rf7 36. Qe6 Qd4 37. Kg2 Qf6 38. Qe3 d5 39. Qe5 Qxe5 40. Rxe5 Rd7 41. Kf1 c4 42. bxc4 dxc4 43. Ke2 c3 44. Rc5 Rd2+ 45. Ke3 Rd1 46. Ke2 Ra1 47. Kd3 b3 48. Kxc3 Rc1+ 49. Kxb3 Rxc5 50. Kb4 Rc2 0-1

[Event "EYCC Open-U18 2019"]
[Site "Bratislava"]
[Date "2019.08.08"]
[Round "7.27"]
[White "Boev, Viktor"]
[Black "Kozak, Antoni"]
[Result "1-0"]
[ECO "C00"]
[WhiteElo "2246"]
[BlackElo "2365"]
[Annotator "NA"]
[PlyCount "77"]
[EventDate "2019.08.02"]
[EventType "swiss"]
[EventCountry "SVK"]
[SourceTitle "playchess.com"]
[Source "ChessBase"]
[SourceQuality "1"]
[TimeControl "40/5400+30:1800+30"]

1. e4 a6 2. d4 e6 3. Bd3 c5 4. c3 d5 5. e5 Bd7 6. Nf3 cxd4 7. cxd4 Bb5 8. Bc2 a5 9. Nc3 Bb4 10. Nd2 Ba6 11. a3 Bf8 12. Nf3 Nc6 13. Ne2 Nge7 14. O-O Nc8 15. Re1 Be7 16. Qd2 Nb6 17. Qf4 g5 18. Qg3 h5 19. Bxg5 Bxe2 20. Bxe7 Qxe7 21. Rxe2 O-O-O 22. Qg5 Qxg5 23. Nxg5 Nxd4 24. Rd2 Rhg8 25. f4 Nxc2 26. Rxc2+ Kd7 27. Nh7 Rg6 28. Nf6+ Rxf6 29. exf6 a4 30. Kf2 Rg8 31. Rd1 Rg6 32. Rd4 Rxf6 33. Kg3 Kd6 34. Rb4 Nc4 35. Rxb7 Kc5 36. Rb4 Kd4 37. Rxa4 Kd3 38. Rc3+ Ke2 39. Raxc4 1-0

[Event "EYCC Open-U18 2019"]
[Site "Bratislava"]
[Date "2019.08.08"]
[Round "7.28"]
[White "Akdogan, Alperen"]
[Black "Guerra Rivera, Salvador"]
[Result "0-1"]
[ECO "E15"]
[WhiteElo "2193"]
[BlackElo "2355"]
[Annotator "NA"]
[PlyCount "90"]
[EventDate "2019.08.02"]
[EventType "swiss"]
[EventCountry "SVK"]
[SourceTitle "playchess.com"]
[Source "ChessBase"]
[SourceQuality "1"]
[TimeControl "40/5400+30:1800+30"]

1. d4 e6 2. c4 Nf6 3. Nf3 b6 4. g3 Ba6 5. b3 Bb4+ 6. Bd2 Be7 7. Bg2 d5 8. Ne5 c6 9. Bc3 Nfd7 10. Nxd7 Nxd7 11. Nd2 O-O 12. O-O f5 13. Rc1 Rc8 14. Bb2 Bd6 15. e3 Qe7 16. Re1 Rfd8 17. Rc2 Nf6 18. Qa1 Bb7 19. Rec1 a5 20. a3 h5 21. h4 Ne4 22. c5 Bb8 23. cxb6 Nxd2 24. Rxd2 g5 25. hxg5 Qxg5 26. Rc5 h4 27. gxh4 Qxh4 28. f4 Kf7 29. Qf1 Rh8 30. Rxa5 Rcg8 31. Bc3 Qh1+ 32. Kf2 Rxg2+ 33. Qxg2 Rh2 34. Qxh2 Qxh2+ 35. Ke1 Qg1+ 36. Ke2 Qg2+ 37. Ke1 Qe4 38. Kf2 Qb1 39. Bb4 Qxb3 40. Kf3 Kf6 41. Rh2 Qd1+ 42. Kf2 Qc2+ 43. Kg3 Qe4 44. Bd2 Bxf4+ 45. exf4 Qd3+ 0-1

[Event "EYCC Open-U18 2019"]
[Site "Bratislava"]
[Date "2019.08.08"]
[Round "7.29"]
[White "Riha, Vojtech"]
[Black "Oboladze, Luka"]
[Result "0-1"]
[ECO "B20"]
[WhiteElo "2197"]
[BlackElo "2323"]
[Annotator "NA"]
[PlyCount "68"]
[EventDate "2019.08.02"]
[EventType "swiss"]
[EventCountry "SVK"]
[SourceTitle "playchess.com"]
[Source "ChessBase"]
[SourceQuality "1"]
[TimeControl "40/5400+30:1800+30"]

1. e4 c5 2. b4 cxb4 3. a3 e5 4. Nf3 Nc6 5. Bb5 Nf6 6. O-O Be7 7. axb4 Nxe4 8. Re1 Nd6 9. Bd3 Nxb4 10. Nxe5 Nxd3 11. Nxd3 O-O 12. Nc3 Nf5 13. Nd5 Bg5 14. Bb2 d6 15. Ra4 Be6 16. N3f4 Qd7 17. Qa1 Qc6 18. Ne3 Bh6 19. Nh5 Nxe3 20. dxe3 f6 21. Bd4 a6 22. Rb4 b5 23. Bxf6 gxf6 24. Nxf6+ Kf7 25. Rh4 Kg6 26. Qd4 Qc4 27. Nxh7 Kxh7 28. Re4 Qxd4 29. exd4 Bf7 30. h4 Rfe8 31. g4 Rxe4 32. Rxe4 Re8 33. Rxe8 Bxe8 34. g5 a5 0-1